Map: Inside and Out

Players

JDLOO - Winner!

  • Race: Zerg Zerg
  • League: Diamond
  • Spawn Location: 1:00

Addison

  • Race: Protoss Protoss
  • League: Diamond
  • Spawn Location: 7:00

VOD

Have the link to the VOD?

Description

Time

  • Played on: Jan. 15, 2023, 4:22 p.m.
  • Length: 14:43
Show
View Real Time Build Order
Export as new Build Order

JDLOO Zerg - Winner!

Build Orders: Hatch First 

Get SALT Encoding   

  12  0:00  Drone  
  13  0:14  Overlord  
  13  0:17  Drone  
  14  0:32  Drone x2  
  16  0:49  Hatchery  
  15  0:52  Drone  
  15  0:55  Drone  
  17  0:59  Drone  
  17  1:02  Extractor  
  17  1:16  Spawning Pool  
  16  1:24  Drone x2  
  18  1:29  Drone  
  19  1:42  Drone  
  20  1:52  Drone  
  21  2:00  Overlord  
  21  2:04  Drone  
  21  2:07  Queen  
  21  2:08  Queen  
  26  2:13  Zergling x2  
  26  2:14  Zergling x2  
  28  2:17  Metabolic Boost  
  28  2:23  Drone  
  28  2:25  Drone  
  30  2:33  Drone  
  31  2:49  Hatchery, Drone x3  
  33  2:54  Overlord  
  33  2:56  Drone  
  34  3:06  Drone  
  34  3:07  Drone  
  34  3:11  Baneling Nest  
  35  3:17  Queen x2  
  39  3:20  Overlord  
  39  3:27  Drone x3  
  39  3:29  Zergling x2  
  39  3:30  Zergling x2  
  44  3:37  Overlord x2  
  44  3:49  Zergling x6  
  44  3:50  Zergling x2  
  44  3:52  Zergling x2  
  44  3:53  Zergling x6  
  52  4:00  Overlord  
  52  4:04  Overlord  
  52  4:14  Extractor  
  51  4:17  Zergling x2  
  51  4:18  Zergling x2  
  51  4:23  Zergling x12  
  59  4:26  Zergling x8  
  62  4:39  Baneling x6  
  62  4:40  Zergling x2  
  62  4:41  Zergling x6  
  66  4:47  Overlord  
  66  4:52  Zergling x4  
  68  4:53  Zergling x4  
  65  5:13  Drone  
  63  5:14  Drone x5  
  63  5:15  Drone  
  63  5:18  Extractor  
  63  5:20  Roach Warren  
  67  5:22  Drone  
  67  5:23  Drone x5  
  67  5:27  Overlord x2  
  73  5:38  Zergling x6  
  76  5:46  Extractor  
  71  5:50  Zergling x2  
  71  5:51  Zergling x14  
  65  6:01  Zergling x2  
  65  6:02  Zergling x8  
  65  6:04  Lair  
  69  6:09  Roach x2  
  73  6:18  Roach x2  
  77  6:26  Hatchery  
  77  6:28  Roach x3  
  82  6:37  Zergling x4  
  82  6:38  Zergling x6  
  72  6:46  Roach  
  73  6:47  Roach x5  
  73  6:51  Zergling x6  
  82  7:00  Drone  
  83  7:05  Drone  
  83  7:06  Drone x5  
  89  7:09  Glial Reconstitution  
  89  7:11  Extractor  
  88  7:16  Drone  
  88  7:17  Drone x6  
  95  7:27  Drone  
  95  7:28  Drone  
  97  7:42  Hatchery  
  97  7:44  Roach x4  
  96  7:45  Overlord x3  
  96  7:50  Centrifugal Hooks  
  102  7:56  Baneling  
  102  7:57  Baneling x10  
  102  7:59  Extractor  
  102  8:02  Drone  
  102  8:03  Drone  
  103  8:10  Roach x6  
  103  8:12  Drone  
  116  8:20  Roach  
  116  8:21  Roach x3  
  124  8:29  Infestation Pit  
  123  8:47  Roach x2  
  127  8:48  Overlord x2  
  127  8:49  Overlord x3  
  127  9:01  Roach x4  
  133  9:08  Roach x6  
  133  9:09  Roach  
  147  9:16  Ravager x7  
  154  9:21  Zergling x2  
  154  9:22  Zergling x8  
  159  9:25  Drone x2  
  159  9:28  Drone x2  
  163  9:40  Drone x4  
  163  9:41  Drone x2  
  163  9:42  Extractor  
  163  9:44  Extractor  
  167  9:52  Overlord  
  167  9:53  Overlord x3  
  167  9:56  Drone x2  
  136  10:33  Roach  
  136  10:34  Roach x19  
  134  10:58  Hydralisk Den  
  134  11:02  Evolution Chamber x2  
  134  11:03  Roach  
  134  11:04  Roach x11  
  155  11:16  Roach x7  
  169  11:23  Queen  
  171  11:28  Ravager x8  
  171  11:29  Ravager x8  
  187  11:33  Drone  
  187  11:34  Drone x3  
  191  11:44  Zerg Ground Armor Level 1, Zerg Missile Weapons Level 1  
  191  11:46  Muscular Augments  
  191  11:57  Hive  
  191  11:58  Drone x5  
  191  11:59  Drone  
  197  12:16  Roach  
  197  12:17  Roach  
  192  12:31  Roach x5  
  192  12:33  Zergling x2  
  134  13:05  Hydralisk  
  134  13:06  Hydralisk x14  
  134  13:07  Hydralisk  
  166  13:16  Lurker Den  
  167  13:20  Roach x5  
  167  13:25  Overseer x4  
  167  13:26  Pneumatized Carapace  
  175  13:50  Hydralisk  
  175  13:51  Hydralisk x6  
  178  14:11  Swarm Host  
  178  14:12  Hydralisk x5  
Show
View Real Time Build Order
Export as new Build Order

Addison Protoss 

Build Orders: 1 Gate Expand 

Get SALT Encoding   

  12  0:00  Probe  
  13  0:12  Probe  
  14  0:20  Pylon  
  14  0:25  Probe  
  15  0:38  Probe (Chrono Boost)  
  15  0:41  Gateway  
  17  0:51  Probe (Chrono Boost)  
  17  1:15  Nexus  
  17  1:19  Probe  
  18  1:31  Cybernetics Core  
  18  1:34  Probe  
  18  1:39  Assimilator  
  19  1:42  Assimilator  
  19  1:46  Probe  
  20  1:57  Gateway  
  20  2:05  Pylon  
  20  2:06  Probe  
  21  2:13  Adept (Chrono Boost)  
  23  2:25  Probe (Chrono Boost)  
  23  2:26  Warp Gate  
  23  2:27  Probe (Chrono Boost)  
  26  2:39  Adept, Probe (Chrono Boost)  
  26  2:41  Probe (Chrono Boost)  
  29  2:44  Probe (Chrono Boost)  
  29  2:50  Twilight Council  
  30  2:52  Probe  
  30  2:58  Adept  
  33  3:01  Probe  
  34  3:15  Probe x2  
  36  3:24  Robotics Facility  
  36  3:27  Probe  
  36  3:28  Probe  
  36  3:29  Resonating Glaives  
  36  3:33  Adept  
  40  3:39  Probe  
  40  3:40  Adept, Probe  
  44  3:52  Probe  
  44  3:53  Gateway x2  
  45  3:57  Pylon  
  45  3:59  Probe  
  46  4:08  Pylon  
  46  4:18  Stalker  
  46  4:19  Stalker  
  46  4:22  Probe  
  51  4:26  Pylon  
  51  4:32  Probe  
  51  4:35  Probe  
  53  4:42  Shield Battery  
  53  4:45  Warp Prism (Chrono Boost)  
  53  4:46  Probe  
  53  4:52  Gateway  
  56  4:53  Gateway  
  56  4:54  Probe  
  57  5:06  Stalker x2  
  55  5:07  Adept  
  55  5:08  Adept  
  59  5:14  Probe  
  59  5:15  Observer, Probe  
  62  5:30  Adept x3  
  62  5:31  Adept  
  70  5:36  Pylon  
  70  5:38  Pylon  
  70  5:40  Templar Archives  
  70  5:55  Adept x4  
  60  6:05  Probe x2  
  60  6:10  Forge  
  62  6:15  Adept x3  
  62  6:16  Adept x2  
  72  6:18  Adept  
  74  6:27  Nexus  
  74  6:29  Pylon  
  54  6:48  Probe x2  
  54  6:53  High Templar  
  58  6:54  Zealot  
  58  6:55  Zealot x4  
  58  7:00  Assimilator, Probe x2  
  70  7:03  Assimilator  
  70  7:10  Pylon  
  70  7:12  Probe x2, Shield Battery  
  72  7:18  Protoss Ground Weapons Level 1 (Chrono Boost)  
  72  7:20  Shield Battery  
  72  7:24  Photon Cannon, Charge, Probe, Shield Battery  
  72  7:26  Photon Cannon  
  73  7:31  Zealot x2  
  77  7:44  Adept x2  
  77  7:45  Zealot x2  
  85  7:52  Probe x3  
  88  8:04  High Templar  
  88  8:05  High Templar  
  92  8:09  Archon  
  92  8:10  Zealot x3  
  92  8:11  High Templar  
  92  8:12  Probe  
  101  8:13  Assimilator  
  101  8:17  Photon Cannon, Assimilator  
  101  8:19  Archon  
  101  8:21  Pylon  
  101  8:26  Observer  
  102  8:43  Robotics Facility  
  102  8:45  Probe x2  
  102  8:46  Probe  
  102  8:47  Immortal  
  109  8:50  Shield Battery  
  109  8:55  Shield Battery  
  109  8:57  Photon Cannon, Probe  
  109  8:58  Probe x2  
  109  9:01  Photon Cannon  
  112  9:05  Blink  
  112  9:19  Psionic Storm  
  112  9:21  Forge  
  112  9:23  Pylon  
  112  9:25  High Templar  
  112  9:26  Zealot x4  
  112  9:27  Zealot  
  124  9:32  Shield Battery  
  124  9:34  Photon Cannon  
  124  9:38  Pylon  
  124  9:40  Pylon  
  124  9:58  High Templar x2  
  124  9:59  High Templar  
  130  10:00  Stalker x3  
  102  10:29  Stalker x3  
  108  10:36  Zealot x3  
  92  10:53  Probe x3  
  92  10:55  Pylon  
  93  10:59  Pylon  
  93  11:05  Probe x3  
  93  11:06  Nexus  
  93  11:09  Immortal, Pylon  
  100  11:12  Immortal, Nexus, Pylon  
  100  11:13  Pylon  
  100  11:16  Pylon  
  100  11:17  Robotics Bay, Assimilator, Pylon  
  104  11:20  High Templar x2  
  104  11:21  Assimilator  
  108  11:33  Probe  
  108  11:34  Probe x2  
  108  11:36  High Templar  
  108  11:37  High Templar  
  115  11:42  Archon  
  115  11:45  Probe  
  115  11:46  Probe x2  
  118  11:48  Immortal  
  122  11:56  Immortal, Zealot  
  122  11:57  Stalker  
  122  11:58  Stalker x2, Probe x3  
  137  12:10  Probe  
  137  12:14  Sentry  
  137  12:15  Sentry  
  137  12:34  Sentry x2  
  138  12:45  Immortal x2  
  98  13:11  Probe x3  
  101  13:13  Stalker  
  101  13:14  Stalker  
  101  13:15  High Templar x2, Zealot  
  101  13:16  Zealot  
  113  13:24  Immortal x2  
  121  13:31  Nexus  
  121  13:32  Pylon  
  121  13:34  Pylon  
  121  13:45  High Templar, Zealot  
  121  13:46  Zealot  
  119  13:56  Shield Battery  
  119  14:01  Nexus  
  119  14:02  Pylon  
  117  14:08  Stalker  
  117  14:09  High Templar, Zealot x2  
  131  14:10  Stalker  
  78  14:31  Zealot x3  
  78  14:32  Zealot  
Tags
 
Add a new tag
Caveats
  • Supply blocks, unpowered buildings, or Contaminate may cause inaccurate times.
  • Supply counts are checked every 10 seconds.